cohdb
Replays
Latest Replays
All Replays
Popular Replays
Top Player Replays
Match Explorer
How It Works
Community
CoH3 Stats
Reddit
Sign in to upload your games and track your stats! →
Sign in with Steam
Match 42563172
Unlisted
Match 42563172
Overview
Messages
Build Orders
End
Panzergrenadier Squad
Panzergrenadier Squad
Panzergrenadier Squad
Construct Light Support Kompanie
Selects Panzerjäger Kommand Battlegroup
Selects Mine Fields
2.5-tonne Medical Truck
Assault Grenadier Squad
Fire Support Elements
Construct Panzerarmee Kommand
Veteran Squad Leaders
Panzergrenadier Squad
Selects Defensive Positions
Panzer III L Medium Tank
Vehicle Survival Package
Tungsten Core Ammunition
Advanced Field Repairs
Walking Stuka Rocket Launcher
Pak 38 Anti-tank Gun Team
Selects Tank Busters
Selects Crew Shock Tactics
Selects Butterfly Bomb Drop
Emergency Repair Kits
qrter
MrSnooze
Base rush noobs #
Atomic Floyd
deadsadbadmad
Alessandro-9891
0
0
Comments
sign in to comment!
No comments posted yet!